 Dungeon Crawl Stone Soup version 0.15-a0-1729-g99b9770 (webtiles) character file.

78271 Ololoev the Eclecticist (level 15, -40/90 HPs)
             Began as a Deep Elf Conjurer on June 24, 2014.
             Was the Champion of Vehumet.
             Blown up by an ancient lich (62 damage)
             ... with a wavering orb of destruction
             ... on Level 1 of the Abyss on June 27, 2014.
             The game lasted 03:35:28 (28673 turns).

Ololoev the Eclecticist (Deep Elf Conjurer)        Turns: 28673, Time: 03:35:28

HP -40/90        AC  8     Str  6      XL: 15   Next: 17%
MP  10/39        EV 17     Int 26      God: Vehumet [******]
Gold 1856        SH  0     Dex 19      Spells: 10 memorised,  3 levels left

rFire  + . .     SeeInvis .     h - staff of conjuration
rCold  + . .     Clarity  .     O - +2 robe {rC+ rF+}
rNeg   . . .     rCorr    .     (no shield)
rPois  +         rRot     .     X - +0 helmet
rElec  .         Spirit   .     i - +0 cloak
SustAb .         Warding  .     k - +0 pair of gloves of Dishonesty {Dex+4 Curse}
rMut   .         Stasis   .     (no boots)
Gourm  .                        (no amulet)
MR     +....                    l - +4 ring of evasion
                                a - ring of poison resistance

@: very slightly contaminated, hasted, very quick, somewhat resistant to hostile
enchantments, unstealthy
A: no striking features
a: Renounce Religion


You were on level 1 of the Abyss.
You worshipped Vehumet.
Vehumet was exalted by your worship.
You were hungry.

You visited 5 branches of the dungeon, and saw 24 of its levels.
You visited the Abyss 2 times.

You collected 2708 gold pieces.
You spent 852 gold pieces at shops.

Inventory:

Armour
 i - a +0 cloak (worn)
 k - the +0 pair of gloves of Dishonesty (worn) {Dex+4 Curse}
   (You found it on level 4 of the Dungeon)

   It affects your dexterity (+4).
   It may recurse itself when equipped.
 O - a +2 robe of resistance (worn)
 X - a +0 helmet (worn)
Magical devices
 d - a wand of fire (6)
 r - a wand of lightning (4)
 s - a wand of cold (0)
 y - a wand of lightning (7)
 C - a wand of fire (0)
 I - a wand of cold (6)
 L - a wand of disintegration (18)
 R - a wand of disintegration (6)
Comestibles
 b - 11 bread rations
 j - 22 fruits
 p - 14 meat rations
 D - 6 beef jerkies
 K - a rotting chunk of elf flesh
 Z - 6 slices of pizza
Scrolls
 f - 3 scrolls of fog
 g - a scroll of magic mapping
 o - 4 scrolls of noise
 q - 5 scrolls of enchant weapon
 u - a scroll of recharging
 v - 9 scrolls of teleportation
 A - a scroll of brand weapon {unknown}
 B - 4 scrolls of amnesia
 G - 8 scrolls of remove curse
 M - a scroll of enchant armour
 P - a scroll of silence
 U - a scroll of fear
Jewellery
 a - a ring of poison resistance (left hand)
 e - an uncursed ring of protection from fire
 l - a +4 ring of evasion (right hand)
 t - an uncursed ring of teleportation
 x - an uncursed amulet of stasis
Potions
 m - 2 potions of restore abilities
 n - 2 potions of curing
 E - 4 potions of agility
 F - a potion of lignification {unknown}
 J - 3 potions of brilliance {unknown}
 N - a potion of invisibility {unknown}
Books
 c - a book of Conjurations

   Spells                             Type                      Level
   *Magic Dart                        Conjuration                  1
   *Searing Ray                       Conjuration                  2
   Dazzling Spray                     Conjuration/Hexes            3
   *Fulminant Prism                   Conjuration/Hexes            4
   *Iskenderun's Mystic Blast         Conjuration                  4
   *Iskenderun's Battlesphere         Conjuration/Charms           5
 Q - Giucliol's Hermit's Heritage in Simple Steps
   (You found it on level 4 of the Lair of Beasts)

   Spells                             Type                      Level
   *Flight                            Charms/Air                   3
   Stone Arrow                        Conjuration/Earth            3
   *Mephitic Cloud                    Conjuration/Poison/Air       3
   Conjure Flame                      Conjuration/Fire             3
   Recall                             Summoning/Translocation      3
 V - a book of Callings

   Spells                             Type                      Level
   Summon Small Mammal                Summoning                    1
   Call Imp                           Summoning                    2
   Call Canine Familiar               Summoning                    3
   Summon Guardian Golem              Hexes/Summoning              4
   Summon Lightning Spire             Summoning/Air                4
   Summon Ice Beast                   Ice/Summoning                4
Magical staves
 h - an uncursed staff of conjuration (weapon)
 z - an uncursed staff of cold
Miscellaneous
 T - a stone of tremors
 W - a lantern of shadows


   Skills:
 - Level 9.0 Fighting
 - Level 6.1 Armour
 - Level 2.4 Dodging
 - Level 2.4 Stealth
 + Level 15.2 Spellcasting
 + Level 14.3 Conjurations
 - Level 11.0 Charms
 + Level 13.7 Fire Magic
 - Level 8.3 Earth Magic


You had 3 spell levels left.
You knew the following spells:

 Your Spells              Type           Power        Failure   Level  Hunger
a - Magic Dart            Conj           ####         0%          1    None
b - Searing Ray           Conj           ######       0%          2    None
c - Iskenderun's Battles  Conj/Chrm      #######.     1%          5    None
d - Iskenderun's Mystic   Conj           #######.     1%          4    None
e - Iron Shot             Conj/Erth      #######...   1%          6    ####...
f - Fulminant Prism       Conj/Hex       ######....   1%          4    None
g - Delayed Fireball      Conj/Fire      N/A          2%          7    ######.
h - Bolt of Fire          Conj/Fire      #######...   1%          6    ####...
i - Mephitic Cloud        Conj/Pois/Air  ######..     1%          3    None
j - Flight                Chrm/Air       #####.....   1%          3    None


Dungeon Overview and Level Annotations

Branches:
Dungeon (10/15)            Temple (1/1) D:7             Orc (4/4) D:10
    Elf (1/3) Orc:4          Lair (8/8) D:9          Shoals (0/5) Lair:4
 Spider (0/5) Lair:6        Slime (0/6) Lair:6

Altars:
Ashenzari
Cheibriados
Dithmenos
Elyvilon
Gozag
Nemelex Xobeh
Qazlal
Vehumet
Xom
Yredelemnul
The Shining One
Beogh

Shops:
D:5 ?   D:9 ?   Orc:2 (   Orc:3 [   Orc:4 [(*%

Portals:
Trove: Elf:1 (give +6 demon blade)


Message History

The ancient lich is heavily damaged.
You are feeling hungry.
The ancient lich launches a ball of destructive magic.
The wavering orb of destruction weakly hits you!
Ouch! That really hurt!
* * * LOW HITPOINT WARNING * * *
Drink which item? (? for menu, Esc to quit)
You feel much better.
Drink which item? (? for menu, Esc to quit)
You feel yourself speed up.
The ancient lich conjures an orb of pure magic.
The wavering orb of destruction weakly hits you!
* * * LOW HITPOINT WARNING * * *
You are very lightly contaminated with residual magic.
Drink which item? (? for menu, Esc to quit)
You feel better. The small abomination misses you.
The ancient lich conjures an orb of pure magic.
The wavering orb of destruction weakly hits you!
Ouch! That really hurt!
You die...

.## .x. # ≈.. ... ..#
≈ ... #.##.# .... #.
.# . ..# ####...# .
≈...#####L##..# ##...
≈ . #.>.@xx.## #...
.# ###.♣♣...### ..##
..# #♣♣♣....#.##..#.
#####♣♣....#.##......
..# .......#....# ..
.........##.#.# #
......#.....##..#..
.. .. #.. .##..#. .#
#. .....##...
#.......


You could see an ancient lich and 2 small abominations.

Vanquished Creatures
  Maud (Lair:8)
  Snorg (Lair:8)
  Fannar (Lair:3)
  Harold (Orc:3)
  4 hydras
  7 death yaks
  The ghost of Sapz the Slicer, an experienced DsAs of Dithmenos (D:9)
  4 orc high priests (Orc:4)
  Nergalle (Lair:8)
  4 deep elf knights (Elf:1)
  2 catoblepae (Lair:8)
  A large abomination (Abyss:1)
  A harpy (Lair:8)
  A hill giant (D:10)
  An ice statue (Elf:1)
  Pikel (D:8)
  6 orc knights (Orc:4)
  2 lindwurms
  A deep elf conjurer (Elf:1)
  4 manticores (Lair:8)
  A griffon (Lair:8)
  15 spiny frogs
  14 elephants
  6 black mambas
  A queen ant (Lair:5)
  A torpor snail (Lair:4)
  Psyche (Orc:1)
  A feature mimic (Elf:1)
  An iron devil (Lair:7)
  7 komodo dragons
  A hellwing (Lair:7)
  Grinder (D:4)
  A polar bear (Lair:8)
  4 deep elf priests (Elf:1)
  6 fire drakes
  4 giant leeches (Lair:8)
  A troll (Orc:4)
  10 blink frogs
  A trapdoor spider zombie (D:9)
  2 boulder beetles
  2 basilisks (Lair:8)
  6 deep elf magi
  A tarantella (Lair:6)
  A wraith (D:10)
  5 ugly things (D:8)
  9 deep elf fighters (Elf:1)
  A hog (D:10)
  7 wyverns
  4 hungry ghosts
  Eustachio (D:4)
  A human (D:10)
  Grum (Orc:2)
  19 yaks
  A ynoxinul (Abyss:1)
  13 hippogriffs
  35 wolves
  Edmund (D:4)
  2 vampire mosquitoes (Lair:8)
  Menkaure (D:5)
  A small abomination (Abyss:1)
  4 soldier ants (Lair:5)
  4 wargs
  31 orc warriors
  17 water moccasins
  4 sky beasts
  2 hell hounds (Lair:8)
  12 porcupines
  2 slaves
  An ice beast (D:10)
  16 ogres
  A phantom (D:10)
  A big kobold (D:8)
  6 centaurs
  14 crocodiles
  34 giant frogs
  2 fulminant prisms (Lair:7)
  4 scorpions
  8 wights
  2 jellies (D:6)
  3 electric eels
  5 crimson imps
  A yellow wasp zombie (D:10)
  A centaur zombie (D:5)
  3 quasits
  2 goliath beetles
  32 orc priests
  A centaur skeleton (D:5)
  11 hounds
  2 big fish (Lair:8)
  19 worker ants
  26 orc wizards
  9 iguanas
  17 sheep
  An ogre skeleton (D:4)
  A hound zombie (D:6)
  A hound skeleton (D:9)
  2 mummies
  23 adders
  106 green rats
  A shadow imp (D:8)
  A white imp (Lair:7)
  6 worms
  An adder skeleton (D:6)
  3 giant geckos
  An ooze (D:1)
  187 orcs
  15 bats
  27 goblins
  22 hobgoblins
  11 jackals
  9 quokkas
  3 ball pythons
  12 giant cockroaches
  A giant cockroach zombie (D:5)
  A giant newt (D:5)
  2 giant spores
  A goblin skeleton (D:4)
  15 kobolds
  An orc skeleton (D:9)
  An orc zombie (D:5)
  12 rats
  A spectral orc (Lair:8)
  4 ballistomycetes
  3 fungi
  8 plants
1016 creatures vanquished.

Vanquished Creatures (collateral kills)
  2 soldier ants (Lair:5)
  4 worker ants (Lair:5)
6 creatures vanquished.

Vanquished Creatures (others)
  A soldier ant (Lair:5)
  A slave (D:8)
  2 giant frogs (Lair:7)
  36 fulminant prisms
  2 adders (D:8)
  An orc (D:10)
  A kobold (D:8)
  15 fungi
  22 plants
81 creatures vanquished.

Grand Total: 1103 creatures vanquished

Notes
Turn   | Place    | Note
--------------------------------------------------------------
     0 | D:1      | Ololoev, the Deep Elf Conjurer, began the quest for the Orb.
     0 | D:1      | Reached XP level 1. HP: 10/10 MP: 5/5
   237 | D:1      | Reached XP level 2. HP: 15/15 MP: 4/8
   241 | D:1      | Learned a level 2 spell: Searing Ray
   315 | D:1      | Reached skill level 5 in Conjurations
   794 | D:2      | Reached XP level 3. HP: 19/19 MP: 1/10
   922 | D:2      | Found a glowing golden altar of the Shining One.
  1157 | D:2      | Reached skill level 6 in Conjurations
  1309 | D:2      | Reached XP level 4. HP: 22/24 MP: 9/13
  2098 | D:3      | Found a snail-covered altar of Cheibriados.
  2098 | D:3      | Found a shimmering altar of Xom.
  2256 | D:3      | Reached XP level 5. HP: 28/28 MP: 11/16
  2263 | D:3      | Learned a level 5 spell: Iskenderun's Battlesphere
  2446 | D:4      | Found a sparkling altar of Nemelex Xobeh.
  2482 | D:4      | Reached skill level 7 in Conjurations
  2500 | D:4      | Reached skill level 1 in Charms
  2674 | D:4      | Noticed Edmund
  3141 | D:4      | Got a pair of transparent gloves
  3172 | D:4      | Killed Edmund
  3172 | D:4      | Reached skill level 5 in Charms
  3172 | D:4      | Reached XP level 6. HP: 25/32 MP: 6/18
  3549 | D:4      | Noticed an ogre
  3552 | D:4      | Killed an ogre
  3552 | D:4      | Reached XP level 7. HP: 36/36 MP: 10/20
  3637 | D:4      | Reached skill level 8 in Charms
  3668 | D:4      | Found a shadowy altar of Dithmenos.
  3762 | D:4      | Noticed Eustachio
  3767 | D:4      | Killed Eustachio
  3767 | D:4      | Reached skill level 9 in Charms
  3857 | D:4      | Noticed Grinder
  3861 | D:4      | Killed Grinder
  3861 | D:4      | Reached skill level 10 in Charms
  4088 | D:4      | Reached XP level 8. HP: 36/41 MP: 12/21
  4161 | D:5      | Entered Level 5 of the Dungeon
  4215 | D:5      | Found Frec's Magic Scroll Boutique.
  4233 | D:5      | Bought a scroll of identify for 30 gold pieces
  4233 | D:5      | Bought a scroll of remove curse for 45 gold pieces
  4233 | D:5      | Bought a scroll of amnesia for 52 gold pieces
  4233 | D:5      | Bought a scroll of teleportation for 45 gold pieces
  4279 | D:5      | Identified the +0 pair of gloves of Dishonesty {Dex+4 Curse} (You found it on level 4 of the Dungeon)
  4494 | D:5      | Reached skill level 1 in Armour
  4494 | D:5      | Reached skill level 11 in Charms
  4701 | D:5      | Found a basalt altar of Yredelemnul.
  4770 | D:5      | Noticed Menkaure
  4773 | D:5      | Killed Menkaure
  4828 | D:5      | Bought a scroll of random uselessness for 15 gold pieces
  5213 | D:6      | Reached skill level 5 in Spellcasting
  5318 | D:6      | Found a shattered altar of Ashenzari.
  5658 | D:6      | Reached XP level 9. HP: 36/45 MP: 20/26
  5911 | D:6      | Got an ichor-stained mace
  5912 | D:6      | Identified the +4 mace of Cupnehiu {antimagic, rF- rN+} (You found it on level 6 of the Dungeon)
  6605 | D:7      | Found a staircase to the Ecumenical Temple.
  6620 | Temple   | Entered the Ecumenical Temple
  6628 | Temple   | Became a worshipper of Vehumet
  6723 | D:7      | Reached skill level 5 in Armour
  6930 | D:7      | Upgraded the game from 0.15-a0-1675-g4580af5 to 0.15-a0-1689-gfa11693
  6949 | D:7      | Learned a level 4 spell: Iskenderun's Mystic Blast
  7061 | D:7      | Got an iridescent shortbow
  7611 | D:8      | Noticed Pikel
  7728 | D:8      | Killed Pikel
  7735 | D:8      | Reached XP level 10. HP: 50/50 MP: 16/29
  7781 | D:8      | Acquired Vehumet's first power
  7781 | D:8      | Offered knowledge of Shock by Vehumet.
  7951 | D:8      | Found a shadowy altar of Dithmenos.
  8269 | D:8      | Identified the +7 shortbow of Mneethro {flame, rC+ MR+ Str+1 Dex+4} (You took it off a goblin on level 7 of the Dungeon)
  8330 | D:8      | Got an encrusted ring mail
  8339 | D:8      | Identified the +0 ring mail of Impressiveness {Str+3 Dex+3} (You found it on level 8 of the Dungeon)
  8852 | D:8      | Reached skill level 10 in Conjurations
  8855 | D:8      | Offered knowledge of Throw Frost by Vehumet.
  9206 | D:9      | Found Xuduad's Magic Scroll Emporium.
  9209 | D:9      | Bought a scroll of noise for 14 gold pieces
  9383 | D:9      | Noticed Sapz's ghost (experienced DsAs)
  9392 | D:9      | Killed Sapz's ghost
  9392 | D:9      | Reached skill level 10 in Spellcasting
  9689 | D:9      | Found a staircase to the Lair.
  9716 | D:9      | Offered knowledge of Conjure Flame by Vehumet.
  9723 | D:9      | Learned a level 3 spell: Conjure Flame
 10231 | Lair:1   | Entered Level 1 of the Lair of Beasts
 10488 | Lair:1   | Reached skill level 5 in Fire Magic
 10488 | Lair:1   | Reached XP level 11. HP: 54/54 MP: 32/32
 10535 | Lair:1   | Acquired Vehumet's second power
 11888 | Lair:2   | Offered knowledge of Inner Flame by Vehumet.
 12312 | Lair:2   | Learned a level 4 spell: Fulminant Prism
 12358 | Lair:2   | Acquired Vehumet's third power
 12365 | Lair:2   | Noticed a four-headed hydra
 12367 | Lair:2   | Killed a four-headed hydra
 12689 | Lair:2   | Reached skill level 10 in Fire Magic
 12694 | Lair:2   | Offered knowledge of Bolt of Magma by Vehumet.
 12705 | Lair:2   | Learned a level 5 spell: Bolt of Magma
 12760 | Lair:2   | Reached skill level 1 in Earth Magic
 13206 | Lair:2   | Reached skill level 1 in Fighting
 13518 | Lair:2   | Upgraded the game from 0.15-a0-1689-gfa11693 to 0.15-a0-1723-gae8f746
 13802 | Lair:3   | Offered knowledge of Bolt of Fire by Vehumet.
 13803 | Lair:3   | Reached XP level 12. HP: 57/64 MP: 27/34
 13814 | Lair:3   | Learned a level 6 spell: Bolt of Fire
 14029 | Lair:3   | Noticed a four-headed hydra
 14036 | Lair:3   | Killed a four-headed hydra
 14048 | Lair:3   | Noticed Fannar
 14053 | Lair:3   | Killed Fannar
 14724 | Lair:4   | Reached skill level 5 in Earth Magic
 14850 | Lair:4   | Reached skill level 5 in Fighting
 15171 | Lair:4   | Identified Giucliol's Hermit's Heritage in Simple Steps
 15178 | Lair:4   | Learned a level 3 spell: Mephitic Cloud
 15215 | Lair:4   | Found a staircase to the Shoals.
 15462 | Lair:4   | Offered knowledge of Iron Shot by Vehumet.
 15484 | Lair:4   | Learned a level 6 spell: Iron Shot
 17129 | Lair:6   | Found a staircase to the Slime Pits.
 17227 | Lair:6   | Found a hole to the Spider Nest.
 17231 | Lair:6   | Reached XP level 13. HP: 78/78 MP: 27/35
 17965 | Lair:7   | Offered knowledge of Ignite Poison by Vehumet.
 18214 | Lair:7   | Cast into the Abyss (the power of Zot)
 18214 | Abyss:1  | Found a corrupted altar of Lugonu.
 18283 | Lair:7   | Escaped the Abyss
 18405 | Lair:7   | Upgraded the game from 0.15-a0-1723-gae8f746 to 0.15-a0-1729-g99b9770
 19227 | Lair:8   | Entered Level 8 of the Lair of Beasts
 19432 | Lair:8   | Noticed Snorg
 19435 | Lair:8   | Killed Snorg
 19581 | Lair:8   | Reached skill level 12 in Spellcasting
 19743 | Lair:8   | Offered knowledge of Force Lance by Vehumet.
 20242 | Lair:8   | Noticed Maud
 20248 | Lair:8   | Killed Maud
 20602 | Lair:7   | Reached XP level 14. HP: 74/86 MP: 9/37
 20782 | Lair:8   | Reached skill level 13 in Spellcasting
 21113 | Lair:8   | Noticed Nergalle
 21405 | Lair:8   | Killed Nergalle
 22742 | Lair:8   | Offered knowledge of Spellforged Servitor by Vehumet.
 23183 | D:10     | Entered Level 10 of the Dungeon
 23186 | D:10     | Reached skill level 14 in Spellcasting
 23404 | D:10     | Found a staircase to the Orcish Mines.
 24396 | Orc:1    | Entered Level 1 of the Orcish Mines
 24513 | Orc:1    | Found a roughly hewn altar of Beogh.
 24932 | Orc:1    | Found a roughly hewn altar of Beogh.
 25049 | Orc:1    | Noticed Psyche
 25050 | Orc:1    | Killed Psyche
 25163 | Orc:1    | Found a roughly hewn altar of Beogh.
 25251 | Orc:2    | Found Pnaetsa's Weapon Shoppe.
 25454 | Orc:2    | Offered knowledge of Delayed Fireball by Vehumet.
 25535 | Orc:2    | Learned a level 7 spell: Delayed Fireball
 25638 | Orc:2    | Noticed Grum
 25642 | Orc:2    | Killed Grum
 26054 | Orc:3    | Noticed Harold
 26062 | Orc:3    | Killed Harold
 26178 | Orc:3    | Found Psuij's Armour Emporium.
 26495 | Orc:3    | Found a roughly hewn altar of Beogh.
 26600 | Orc:4    | Entered Level 4 of the Orcish Mines
 26758 | Orc:4    | Offered knowledge of Poison Arrow by Vehumet.
 27715 | Orc:4    | Found Vuliatz's Food Boutique.
 27715 | Orc:4    | Found Akhluol's Antique Armour Boutique.
 27715 | Orc:4    | Found Usugam's Assorted Antiques.
 27717 | Orc:4    | Found Trypep's Weapon Boutique.
 27727 | Orc:4    | Bought a potion of heal wounds for 72 gold pieces
 27727 | Orc:4    | Bought a scroll of fear for 84 gold pieces
 27733 | Orc:4    | Bought a pair of glowing gloves for 135 gold pieces
 27746 | Orc:4    | Bought a hardcover book for 360 gold pieces
 27754 | Orc:4    | Learned a level 3 spell: Flight
 27939 | Orc:4    | Found a staircase to the Elven Halls.
 28008 | Orc:4    | Reached XP level 15. HP: 90/90 MP: 22/39
 28251 | Elf:1    | Entered Level 1 of the Elven Halls
 28259 | Elf:1    | Offered knowledge of Lehudib's Crystal Spear by Vehumet.
 28259 | Elf:1    | Offered knowledge of Fire Storm by Vehumet.
 28259 | Elf:1    | Offered knowledge of Shatter by Vehumet.
 28354 | Elf:1    | Found a portal to a secret trove of treasure.
 28384 | Elf:1    | Reached skill level 15 in Spellcasting
 28614 | Elf:1    | Got a slimy mace
 28615 | Elf:1    | Identified the +1 mace "Ciopseta" {distort, Dex+2} (You found it on level 1 of the Elven Halls)
 28617 | Elf:1    | Cast into the Abyss (a distortion unwield)
 28663 | Abyss:1  | Noticed an ancient lich
 28673 | Abyss:1  | Blown up by an ancient lich

Action                   |  1- 3 |  4- 6 |  7- 9 | 10-12 | 13-15 || total
-------------------------+-------+-------+-------+-------+-------++-------
Melee: Great sword       |       |    12 |       |       |       ||    12
 Fire: Shortbow          |       |       |       |   284 |    91 ||   375
 Cast: Magic Dart        |    59 |    83 |   157 |   187 |   559 ||  1045
       Searing Ray       |     6 |    19 |    34 |    53 |    87 ||   199
       Iskenderun's Batt |       |     2 |    23 |    78 |   148 ||   251
       Iskenderun's Myst |       |       |     2 |    29 |    42 ||    73
       Conjure Flame     |       |       |       |     8 |       ||     8
       Bolt of Magma     |       |       |       |     9 |       ||     9
       Fulminant Prism   |       |       |       |     8 |    30 ||    38
       Bolt of Fire      |       |       |       |     7 |    80 ||    87
       Mephitic Cloud    |       |       |       |     7 |    22 ||    29
       Iron Shot         |       |       |       |       |     9 ||     9
       Delayed Fireball  |       |       |       |       |     5 ||     5
       Flight            |       |       |       |       |     1 ||     1
 Abil: Release Delayed F |       |       |       |       |     5 ||     5
Evoke: Wand              |       |     1 |     1 |     7 |    11 ||    20
  Use: Scroll            |       |    10 |    11 |    11 |     8 ||    40
       Potion            |       |       |     1 |     5 |     8 ||    14
